 Dungeon Crawl Stone Soup version 0.25.0-37-gb73750e0fb (webtiles) character file.

Game seed: 17330918880114391081

252 ANON1729 the Ducker (level 6, -2/43 HPs)
             Began as an Octopode Fighter on July 8, 2020.
             Slain by a hound (3 damage)
             ... on level 3 of the Dungeon.
             The game lasted 00:04:07 (3842 turns).

ANON1729 the Ducker (Octopode Fighter)              Turns: 3842, Time: 00:04:08

Health: -2/43      AC:  1    Str: 24    XL:     6   Next: 13%
Magic:  6/6        EV: 12    Int: 10    God:
Gold:   94         SH: 10    Dex: 11    Spells: 5/5 levels left

rFire    + . .     SeeInvis .     - Unarmed
rCold    . . .     Gourm    .   a - +0 kite shield
rNeg     . . .     Faith    .   (helmet restricted)
rPois    .         Spirit   .   (no amulet)
rElec    .         Reflect  .   f - +6 ring of strength
rCorr    .         Harm     .   h - ring of attention (curse)
MR       .....                  j - ring of protection from cold
Stlth    ++........             n - ring of fire
HPRegen  0.14/turn              (no ring)
MPRegen  0.10/turn              (no ring)
                                (no ring)
                                (no ring)

@: no status effects
A: almost no armour, stealthy swim, amphibious, 8 rings, constrict 8, camouflage
1, gelatinous body 1
a: no special abilities


You were on level 3 of the Dungeon.
You were not hungry.

You visited 1 branch of the dungeon, and saw 4 of its levels.

You collected 94 gold pieces.

Inventory:

Armour
 a - a +0 kite shield (worn)
Jewellery
 f - a +6 ring of strength (left tentacle)
 h - a cursed ring of attention (right tentacle)
 j - a ring of protection from cold (on tentacle)
 n - a ring of fire (on tentacle)
Scrolls
 d - a scroll of remove curse {unknown}
 k - a scroll of amnesia
 m - 2 scrolls of magic mapping {unknown}
 p - 4 scrolls of identify
 q - 2 scrolls of fear
 r - 3 scrolls of enchant armour {unknown}
 s - a scroll of immolation {unknown}
 u - a scroll of fog {unknown}
Potions
 b - 2 potions of might
 e - a potion of stabbing {unknown}
 g - a potion of invisibility {unknown}
 i - a potion of lignification {unknown}
 l - a potion of flight
 o - a potion of haste {unknown}
 t - a potion of heal wounds {unknown}
Comestibles
 c - 5 rations


   Skills:
 + Level 4.0 Fighting
 + Level 4.1 Dodging
 + Level 2.2 Stealth
 + Level 4.1 Shields
 + Level 3.3 Unarmed Combat


You had 5 spell levels left.
You didn't know any spells.
Your spell library was empty.

Dungeon Overview and Level Annotations

Branches:
Dungeon (4/15)
 Temple: D:4-7

Altars:
Makhleb


Innate Abilities, Weirdness & Mutations

You cannot wear most types of armour.
You are very stealthy in the water. (Stealth+)
You are amphibious.
You can wear up to eight rings at the same time.
You can use your tentacles to constrict eight enemies at once.
Your skin changes colour to match your surroundings (Stealth+).
Your rubbery body absorbs attacks. (AC +1, EV +1)


Message History

You are too injured to fight recklessly!
You are too injured to fight recklessly!
You block the hound's attack. The hound bites you. The hound bites you.
The hound bites you.
* * * LOW HITPOINT WARNING * * *
There is a stone staircase leading up here.
You block the hound's attack. The hound bites you.
* * * LOW HITPOINT WARNING * * *
You climb upwards.
There is a stone staircase leading down here.
You barely miss the hound. You grab the hound. You constrict the hound.
The hound bites you.
* * * LOW HITPOINT WARNING * * *
Okay, then.
You tentacle-slap the hound.
The hound is heavily wounded.
You constrict the hound. The hound bites you.
You die...

### #.# #.# #.# #.# ## ####.####
.# ##.......#############
.###########........'...........#
...............h@...###########.#
.##########.........# #.# .#
#....)....# #.# .######
#.....##### #.# ......# #.......#
#.# ......# #.....#.# ###### #.#
......# #.....#.# #....# #.#
......# #.....#.# #....# #.#
......# ###.....# #....# #.#


You could see a hound.

Vanquished Creatures
  2 orc priests (D:4)
  An orc wizard (D:4)
  A worker ant (D:4)
  3 adders
  4 gnolls (D:3)
  3 worms
  A dart slug (D:1)
  A leopard gecko (D:4)
  2 orcs (D:4)
  4 giant cockroaches
  5 goblins
  3 hobgoblins
  9 jackals
  A ball python (D:1)
  7 bats
  6 frilled lizards
  A jackal skeleton (D:4)
  5 kobolds
  6 rats
65 creatures vanquished.

Notes
Turn   | Place    | Note
-------+----------+-------------------------------------------
     0 | D:1      | ANON1729 the Octopode Fighter began the quest for the Orb.
     0 | D:1      | Reached XP level 1. HP: 16/16 MP: 1/1
   357 | D:1      | Reached XP level 2. HP: 16/21 MP: 2/2
  1556 | D:2      | Reached XP level 3. HP: 24/26 MP: 3/3
  2286 | D:3      | Reached XP level 4. HP: 29/31 MP: 4/4
  2782 | D:3      | Found a burning altar of Makhleb.
  3192 | D:3      | Reached XP level 5. HP: 13/37 MP: 5/5
  3692 | D:4      | Reached skill level 1 in Stealth
  3711 | D:4      | HP: 1/37 [jackal skeleton (1)]
  3713 | D:4      | Reached XP level 6. HP: 6/43 MP: 6/6
  3841 | D:3      | HP: 1/43 [hound (5)]
  3842 | D:3      | Slain by a hound

Illustrated notes

Levels and vault maps discovered:
D:1:      dpeg_arrival_castle, layout_basic
D:2:      layout_basic
D:3:      layout_basic, bloody_makhleb
D:4:      layout_loops_cross, gammafunk_temple_of_torment

Skill      XL: |  1  2  3  4  5 |
---------------+----------------+-----
Unarmed Combat | 3 |  3.3
Stealth        | 2 |  2.2
Dodging        | 4 |  4.1
Shields        | 4 |  4.1
Fighting       | 4 |  4.0

Action                   |  1- 3 |  4- 6 || total
-------------------------+-------+-------++-------
Melee: Unarmed           |    89 |    79 ||   168
       Constrict         |    25 |    27 ||    52
       Tentacles         |    17 |    23 ||    40
       Punch             |     1 |     2 ||     3
  Use: Scroll            |     1 |     1 ||     2
       Potion            |       |     2 ||     2
 Stab: Sleeping          |     5 |     1 ||     6
  Eat: Chunk             |     4 |     5 ||     9
Armor: Skin              |     7 |     7 ||    14
Dodge: Dodged            |    35 |    53 ||    88
Block: Kite shield       |    41 |    43 ||    84
